Map: Backwater LE

Players

Kozzy - Winner!

  • Race: Protoss Protoss
  • League: Platinum
  • Spawn Location: 11:00

Nemesis

  • Race: Zerg Zerg
  • League: Platinum
  • Spawn Location: 5:00

VOD

Have the link to the VOD?

Description

Time

  • Played on: April 16, 2018, 1:54 a.m.
  • Length: 6:40
Show
View Real Time Build Order
Export as new Build Order

Kozzy Protoss - Winner!

Build Orders:  

Get SALT Encoding   

  12  0:01  Probe  
  13  0:13  Probe  
  14  0:23  Pylon  
  14  0:25  Probe  
  15  0:33  Assimilator  
  15  0:44  Gateway  
  15  0:45  Probe (Chrono Boost)  
  17  0:57  Probe (Chrono Boost)  
  17  1:03  Probe (Chrono Boost)  
  18  1:11  Probe  
  18  1:17  Pylon  
  19  1:24  Probe  
  20  1:26  Forge  
  20  1:45  Cybernetics Core  
  20  1:48  Gateway  
  20  2:01  Photon Cannon  
  20  2:03  Zealot (Chrono Boost)  
  22  2:11  Protoss Ground Weapons Level 1  
  22  2:26  Warp Gate (Chrono Boost)  
  22  2:30  Pylon  
  22  2:40  Shield Battery  
  22  2:47  Robotics Facility  
  22  2:57  Zealot  
  24  3:06  Gateway  
  24  3:20  Pylon  
  24  3:30  Pylon  
  24  3:34  Stalker (Chrono Boost)  
  24  3:35  Immortal  
  30  3:45  Pylon  
  30  4:14  Immortal  
  34  4:26  Zealot x3  
  40  4:47  Zealot  
  40  4:49  Zealot  
  40  4:52  Immortal (Chrono Boost)  
  44  4:53  Zealot  
  50  5:14  Zealot x3  
  56  5:27  Immortal (Chrono Boost)  
  58  6:18  Stalker x3  
Show
View Real Time Build Order
Export as new Build Order

Nemesis Zerg 

Build Orders: Hatch First 

Get SALT Encoding   

  12  0:02  Drone  
  13  0:11  Drone  
  14  0:18  Overlord  
  14  0:38  Drone x3  
  17  0:52  Drone  
  18  1:00  Hatchery  
  18  1:01  Drone  
  18  1:05  Extractor  
  17  1:16  Spawning Pool  
  17  1:17  Drone  
  17  1:24  Drone  
  18  1:34  Drone  
  19  1:48  Overlord  
  19  2:10  Drone x2  
  19  2:13  Drone  
  19  2:14  Queen  
  19  2:15  Queen  
  24  2:19  Metabolic Boost  
  26  2:33  Drone x3  
  29  2:42  Drone  
  29  2:43  Hatchery  
  29  2:45  Drone  
  29  2:49  Extractor, Drone  
  30  3:03  Spore Crawler  
  30  3:04  Spore Crawler  
  28  3:09  Drone x3  
  31  3:13  Queen  
  31  3:17  Zergling x2  
  34  3:23  Drone x2  
  36  3:42  Overlord  
  36  3:43  Overlord  
  36  3:55  Overlord  
  36  3:56  Overlord x3  
  36  3:59  Drone  
  36  4:00  Queen  
  39  4:05  Lair  
  39  4:14  Roach Warren  
  39  4:17  Drone x4  
  39  4:21  Pneumatized Carapace  
  42  4:27  Drone  
  42  4:28  Drone x2  
  45  4:37  Drone  
  45  4:38  Drone x3  
  49  4:50  Zergling x2  
  50  4:59  Drone x2  
  52  5:00  Drone x8  
  59  5:11  Hydralisk Den  
  58  5:15  Baneling Nest  
  58  5:17  Overseer  
  58  5:21  Roach x3  
  58  5:22  Roach x2  
  58  5:26  Extractor  
  65  5:30  Roach  
  65  5:32  Zergling x2  
  68  5:41  Zergling x2  
  68  5:42  Zergling x6  
  65  5:51  Roach  
  65  5:53  Roach  
  58  6:07  Zergling x6  
  37  6:34  Spawning Pool  
  37  6:35  Extractor  
  37  6:36  Extractor  
Tags
 
Add a new tag
Caveats
  • Supply blocks, unpowered buildings, or Contaminate may cause inaccurate times.
  • Supply counts are checked every 10 seconds.